 Dungeon Crawl Stone Soup version 0.32-a0-841-g4648e6c457 (webtiles) character file.

Game seed: 2279678536982084240

136810 Pooter the Severer (level 16, -8/149 HPs)
             Began as a Minotaur Berserker on Mar 25, 2024.
             Was an Elder of Trog.
             Hit by a javelin thrown by a merfolk javelineer (11 damage)
             ... on level 4 of the Shoals on Mar 26, 2024.
             The game lasted 03:09:43 (45545 turns).

Pooter the Severer (Minotaur Berserker)            Turns: 45545, Time: 03:09:43

Health: -8/149     AC: 17    Str: 43    XL:     16   Next: 67%
Magic:  15/15      EV:  9    Int:  4    God:    Trog [****..]
Gold:   446        SH:  5    Dex: 19    Spells: 15/15 levels left

rFire   + . .        a - +5 battleaxe (vamp)
rCold   x . .        (shield currently unavailable)
rNeg    . . .        F - +0 plate armour
rPois   .            v - +2 hat
rElec   .            (no cloak)
rCorr   .            I - -1 pair of gloves of the Abyss {rF+ Str+2}
SInv    .            m - +2 pair of boots
Will    ++++.        R - amulet of reflection Stlth
                     Z - ring of the Lumpy Ears {Fly rC- Will+ Str+6 Dex+8}
HPRegen 1.44/turn    c - +6 ring of strength
MPRegen 0.14/turn

%: reflection
@: lethally poisoned (-8 -> -11), strong-willed, spiked, on berserk cooldown,
flying, regenerating, slowed, very slow
A: horns 2, retaliatory headbutt
a: Renounce Religion, Berserk, Trog's Hand, Brothers in Arms


You were on level 4 of the Shoals.
You worshipped Trog.
Trog was greatly pleased with you.
You visited 4 branches of the dungeon, and saw 26 of its levels.
You also visited: Bailey, Gauntlet and Ice Cave.

You collected 2913 gold pieces.
You spent 2467 gold pieces at shops.

Inventory:

Hand Weapons
 a - a +5 vampiric battleaxe (weapon)
   (You took it off a wight on level 6 of the Dungeon)
 b - a +5 longbow of flaming
   (You took it off a deep elf archer on level 15 of the Dungeon)
 j - the +7 trident "Cuhacib" {drain, rF+}
   (You took it off a spriggan rider on level 2 of the Lair of Beasts)

   rF+:       It protects you from fire.
 u - a +5 heavy broad axe
   (You bought it in a shop on level 12 of the Dungeon)
 w - a +6 dire flail
   (You took it off a wight on level 5 of the Dungeon)
 y - the +6 spear of Hufurghe {antimagic, rPois rC+ Str+3 Int+3}
   (You found it on level 4 of the Dungeon)

   Str+3:     It affects your strength (+3).
   Int+3:     It affects your intelligence (+3).
   rC+:       It protects you from cold.
   rPois:     It protects you from poison.
Missiles
 d - 5 silver javelins
 E - 5 atropa-tipped darts
 G - 37 boomerangs (quivered)
 M - 11 curare-tipped darts
 N - 15 javelins
Armour
 l - a +2 ring mail of cold resistance
   (You took it off an orc on level 2 of the Orcish Mines)
 m - a +2 pair of boots (worn)
   (You found it on level 9 of the Dungeon)
 o - +2 fire dragon scales
   (You took it off a spriggan in a bailey)
 v - a +2 hat (worn)
   (You bought it in a shop on level 10 of the Dungeon)
 F - a +0 plate armour (worn)
   (You took it off an orc warrior on level 2 of the Orcish Mines)
 I - the -1 pair of gloves of the Abyss (worn) {rF+ Str+2}
   (You found it on level 1 of the Lair of Beasts)

   Str+2:     It affects your strength (+2).
   rF+:       It protects you from fire.
 S - +0 ice dragon scales
   (You found it on level 5 of the Lair of Beasts)
Jewellery
 c - a +6 ring of strength (right hand)
   (You bought it in a shop on level 2 of the Orcish Mines)
 r - the ring of Kaovosk {rN+ Int+6}
   (You found it on level 4 of the Dungeon)

   [ring of intelligence]

   Int+6:     It affects your intelligence (+6).
   rN+:       It protects you from negative energy.
 P - a ring of poison resistance
   (You bought it in a shop on level 2 of the Orcish Mines)
 R - an amulet of reflection (around neck)
   (You found it on level 14 of the Dungeon)
 T - a ring of flight
   (You found it in an ice cave)
 Y - the ring "Hiutiq" {rF- AC+4 Str+3 Dex+3}
   (You found it in a Gauntlet)

   [ring of protection]

   AC+4:      It affects your AC (+4).
   Str+3:     It affects your strength (+3).
   Dex+3:     It affects your dexterity (+3).
   rF-:       It makes you vulnerable to fire.
 Z - the ring of the Lumpy Ears (left hand) {Fly rC- Will+ Str+6 Dex+8}
   (You found it in a Gauntlet)

   [ring of strength]

   Str+6:     It affects your strength (+6).
   Dex+8:     It affects your dexterity (+8).
   rC-:       It makes you vulnerable to cold.
   Will+:     It increases your willpower.
   Fly:       It grants you flight.
Wands
 f - a wand of flame (17)
   (You found it on level 2 of the Dungeon)
 k - a wand of polymorph (4)
   (You found it on level 2 of the Dungeon)
 p - a wand of roots (4)
   (You found it on level 10 of the Dungeon)
 C - a wand of charming (5)
   (You found it on level 9 of the Dungeon)
 D - a wand of digging (9)
   (You found it in a Gauntlet)
 L - a wand of mindburst (8)
   (You found it on level 3 of the Lair of Beasts)
 O - a wand of quicksilver (20)
   (You found it on level 4 of the Lair of Beasts)
Scrolls
 e - 2 scrolls of fog
 g - 4 scrolls of immolation {!r}
 q - 2 scrolls of butterflies
 s - a scroll of poison {!r}
 t - 7 scrolls of teleportation {@r4}
 x - 2 scrolls of revelation
 J - a scroll of vulnerability {!r}
 V - a scroll of silence
Potions
 h - 6 potions of lignification {!q}
 i - a potion of attraction {!q}
 z - 3 potions of haste {@q3}
 A - 4 potions of mutation {!q}
 B - 6 potions of curing {@q1}
 H - 3 potions of enlightenment
 K - a potion of might
 Q - a potion of invisibility
 U - 3 potions of cancellation
 W - 2 potions of resistance


   Skills:
 + Level 15.0 Fighting
 * Level 20.4(20.8) Axes
 - Level 6.3(14.7) Maces & Flails
 * Level 18.5 Ranged Weapons
 + Level 6.2 Throwing
 + Level 5.2 Armour
 - Level 2.1 Dodging
 - Level 1.8 Stealth
 - Level 10.4 Evocations


You had 15 spell levels left.
You didn't know any spells.
Your spell library was empty.

Dungeon Overview and Level Annotations

Branches:
Dungeon (15/15) Zot: 23492  Temple (0/1) D:6            Lair (5/5) D:8 Zot: 19321
 Shoals (4/4) Lair:2 Zot: 19438   Snake (0/4) Lair:3        Slime (0/5) Lair:4
    Orc (2/2) D:9 Zot: 5606     Elf (0/3) Orc:2        Vaults (0/5) D:14
 Depths (0/4) D:15         Bailey (visited)           IceCv (visited)
Gauntlet (visited)

Altars:
Cheibriados
Dithmenos
Fedhas
Hepliaklqana
Okawaru
Qazlal
Vehumet
Xom
Yredelemnul

Shops:
D:6 *   D:10 [   D:12 (!   D:13 *   Orc:2 (=(

Annotations:
D:7 1 runed translucent door, Crazy Yiuf


Innate Abilities, Weirdness & Mutations

You have a pair of horns on your head.
You reflexively headbutt those who attack you in melee.


Message History

The merfolk impaler is knocked back by the gust of wind.
You are knocked back by the gust of wind.
You collide with the merfolk impaler!
* * * LOW HITPOINT WARNING * * *
A wind drake and a merfolk aquamancer come into view.
The merfolk avatar chants a haunting song.
You resist with almost no effort.
The wind drake moves out of view.
You closely miss the merfolk impaler.
You feel sick.
The merfolk aquamancer shouts!
A merfolk aquamancer comes into view. It is wielding a +2 rapier of flaming.
The manticore flicks its tail.
The volley of spikes skewers you but does no damage.
You block the merfolk impaler's attack.
The merfolk aquamancer mumbles some strange words.
The merfolk aquamancer blinks!
The merfolk avatar chants a haunting song.
You resist with almost no effort.
You chop the merfolk impaler into pieces!!!
You headbutt the merfolk impaler!
You feel sick.
The merfolk impaler hits you but does no damage.
Unknown command.
A merfolk javelineer comes into view. It is wielding a +4 spear of venom.
The barbed spikes dig painfully into your body as you move.
* * * LOW HITPOINT WARNING * * *
You feel very sick.
The merfolk javelineer shouts!
The merfolk javelineer throws a javelin.
The javelin pierces through you!
* * * LOW HITPOINT WARNING * * *
The javelin misses the merfolk impaler.
A merfolk javelineer comes into view.
It is wielding a +0 antimagic spear and quivering silver javelins.
The merfolk impaler hits you with a +4 heavy trident.
* * * LOW HITPOINT WARNING * * *
The merfolk javelineer barely misses you.
A water elemental comes into view.
The barbed spikes dig painfully into your body as you move.
* * * LOW HITPOINT WARNING * * *
You feel a strong urge to attack something.
You are no longer berserk.
You are exhausted.
You feel yourself slow down.
You feel sick.
The merfolk avatar chants a haunting song.
You resist with almost no effort.
A water elemental comes into view.
The merfolk impaler hits you from afar with a +0 trident!
* * * LOW HITPOINT WARNING * * *
The merfolk javelineer throws a javelin.
The javelin pierces through you!
You die...

##~~..#.#####...~..~~~≈≈≈≈
#.EE.#.######..~).<~~≈≈≈≈ ~
#§.....<.)....~~~~~~~≈≈≈≈ .. ~
#.....###)).÷.~~~~~~~~≈≈≈ ..#
.~~##.....###÷[)..~~~~~~~~≈≈≈
...##'##...m..........÷~~~~~~~≈≈≈
................m....).~~~~~~~~≈≈
.......)...H...E....[.~~~~...~~≈≈
...........t.Sm.@..<.)~~~~.###.~~
......~~..†.mE...m...~~~~~... ..
.....~~~~m~†.k..mm..k~~~.....
...)~~~~~k†mHH.....m~~~......
...[.~~~~~~~m.......~mm.....^
...#####.~~~.......#####..... ..#
##...^.....## #.... ..
#.mm.....~# .... .. #....~~~~~+


You could see 4 merfolk avatars, 2 merfolk impalers, 4 merfolk javelineers, a
sea snake, 2 merfolk aquamancers, a snapping turtle, 3 wind drakes, 3 merfolk, a
manticore, 4 water elementals and 2 harpies.

Vanquished Creatures
  Frances (Shoals:1)
  A kraken (Shoals:2)
  Kirke (Lair:5)
  2 very ugly things (IceCv)
  2 dire elephants (D:15)
  A minotaur (Gauntlet)
  2 merfolk javelineers
  4 merfolk impalers
  A fire dragon (Lair:1)
  The ghost of RoseCult the Cleaver, a journeyman MDFi (Lair:1)
  The ghost of Fodor the Cleaver, a journeyman MiFi of Gozag (D:9)
  3 ice dragons
  2 hydras
  5 two-headed ogres
  A rakshasa (D:15)
  A merfolk aquamancer (Shoals:3)
  2 merfolk avatars
  Erica (D:11)
  A death knight (D:15)
  6 centaur warriors
  An alligator snapping turtle (Shoals:3)
  The ghost of Fractals the Covert, a journeyman KoBr of Gozag (Lair:2)
  4 boulder beetles
  3 tengu warriors (D:15)
  9 death yaks
  3 orc high priests (Orc:2)
  Urug (Lair:4)
  3 sun demons
  A deep elf knight (D:15)
  A sixfirhy (Gauntlet)
  10 skeletal warriors
  4 sea snakes
  A deep troll (D:15)
  An orange crystal statue (IceCv)
  2 sun moths
  7 skysharks
  2 arcanists
  A swamp dragon (Lair:5)
  A swamp dragon (shapeshifter) (D:13)
  3 deep elf pyromancers
  A deep elf archer (D:15)
  A necromancer (D:15)
  2 lindwurms (Lair:5)
  A deep elf zephyrmancer (D:14)
  5 harpies (Shoals:1)
  5 orc knights
  A harpy (shapeshifter) (D:14)
  7 cyclopes
  A faun (shapeshifter) (D:15)
  An orc sorcerer (Orc:2)
  16 manticores
  12 ugly things
  5 elephants
  3 merfolk sirens
  3 meliai (Gauntlet)
  5 water nymphs
  A salamander (Lair:3)
  A guardian serpent (Orc:2)
  6 torpor snails
  8 black mambas
  2 kobold blastminers
  7 cane toads
  2 freezing wraiths (IceCv)
  5 rime drakes
  8 komodo dragons
  3 tengu conjurers (D:15)
  Psyche (D:9)
  3 anaconda simulacra (IceCv)
  3 polar bears
  8 trolls
  A queen bee (shapeshifter) (D:14)
  22 merfolk
  2 wind drakes
  11 hornets
  4 tyrant leeches (Lair:5)
  12 blink frogs
  2 dream sheep
  6 snapping turtles
  A glass eye (Orc:2)
  Grinder (D:5)
  63 yaks
  6 water elementals
  A jumping spider (Orc:2)
  A human (shapeshifter) (D:14)
  A centaur simulacrum (D:14)
  5 spriggans
  3 wyverns
  2 dire elephant simulacra (IceCv)
  3 hogs (Lair:5)
  5 steam dragons
  8 vampire mosquitoes
  3 wargs
  3 basilisks
  3 harpy simulacra (IceCv)
  Menkaure (D:7)
  2 nagas (Lair:3)
  A swamp worm (Orc:2)
  6 acid dragons
  14 water moccasins
  A hell hound (D:15)
  4 swamp drakes (Lair:5)
  13 orc warriors
  A sky beast (D:7)
  2 laughing skulls (D:14)
  A black bear (D:7)
  7 ogres
  20 wolves
  9 centaurs
  A phantom (D:7)
  A kobold brigand (D:8)
  10 bullfrogs
  2 scorpions
  8 wights
  12 killer bees
  3 electric eels
  5 howler monkeys
  2 jellies (D:8)
  3 bombardier beetles
  2 centaur zombies (D:9)
  A gnoll bouda (D:6)
  10 orc priests
  5 hounds
  18 orc wizards
  4 iguanas
  6 hell rats (Lair:3)
  Robin (D:3)
  6 gnolls (D:6)
  4 adders
  2 river rats (Orc:2)
  A white imp (D:7)
  4 ufetubi (Gauntlet)
  A dart slug (D:1)
  65 orcs
  9 endoplasms
  24 goblins
  9 hobgoblins
  8 jackals
  9 kobolds
  5 quokkas
  5 ball pythons
  2 bats (D:1)
  3 frilled lizards
  5 rats (D:1)
  4 tentacles (Shoals:2)
736 creatures vanquished.

Vanquished Creatures (others)
  An orc sorcerer (Orc:2)
  An orc priest (Orc:2)
  An orc wizard (Orc:2)
  An orc (Orc:2)
  4 tentacles (Shoals:2)
8 creatures vanquished.

Grand Total: 744 creatures vanquished

Notes
Turn   | Place    | Note
-------+----------+-------------------------------------------
     0 | D:1      | Pooter the Minotaur Berserker began the quest for the Orb.
     0 | D:1      | Reached XP level 1. HP: 19/19 MP: 0/0
    79 | D:1      | Reached XP level 2. HP: 27/27 MP: 1/1
   110 | D:1      | Reached skill level 4 in Axes
   143 | D:1      | Reached skill level 1 in Stealth
   334 | D:1      | Reached ** piety under Trog
   371 | D:1      | Reached XP level 3. HP: 33/33 MP: 2/2
  1140 | D:2      | Reached XP level 4. HP: 40/40 MP: 3/3
  1493 | D:3      | Found a faded altar of an unknown god.
  1568 | D:3      | Reached skill level 1 in Ranged Weapons
  1614 | D:3      | Reached skill level 5 in Axes
  1711 | D:3      | Reached XP level 5. HP: 47/47 MP: 4/4
  1974 | D:3      | Noticed Robin
  1987 | D:3      | Reached *** piety under Trog
  1989 | D:3      | Killed Robin
  2466 | D:4      | Identified the +6 spear of Hufurghe {antimagic, rPois rC+
                  | Str+3 Int+3}
  2578 | D:4      | Reached XP level 6. HP: 55/55 MP: 1/5
  2859 | D:4      | Reached skill level 5 in Fighting
  2859 | D:4      | Reached skill level 6 in Axes
  2949 | D:4      | Identified the ring of Kaovosk {rN+ Int+6}
  3095 | D:5      | Entered Level 5 of the Dungeon
  3096 | D:5      | Noticed Grinder
  3106 | D:5      | Killed Grinder
  3107 | D:5      | Reached skill level 1 in Evocations
  3151 | D:5      | Reached XP level 7. HP: 61/61 MP: 2/6
  3245 | D:5      | Found an iron altar of Okawaru.
  3488 | D:5      | Reached skill level 7 in Axes
  3918 | D:5      | Reached skill level 5 in Ranged Weapons
  4347 | D:6      | Reached XP level 8. HP: 67/70 MP: 7/7
  4377 | D:6      | Identified the beast talisman of the Heron {rPois rC+}
  4423 | D:6      | Found a staircase to the Ecumenical Temple.
  4488 | D:6      | Found a shadowy altar of Dithmenos.
  4759 | D:6      | Found Bacaminn's General Store.
  5068 | D:7      | Reached skill level 8 in Axes
  5192 | D:7      | Noticed Menkaure
  5195 | D:7      | Killed Menkaure
  5346 | D:7      | Found a runed translucent door.
  5347 | D:7      | Noticed Crazy Yiuf
  5808 | D:6      | Bought a potion of mutation for 112 gold pieces
  5808 | D:6      | Bought a scroll of identify for 28 gold pieces
  5808 | D:6      | Bought a scroll of enchant weapon for 105 gold pieces
  5808 | D:6      | Bought a scroll of identify for 28 gold pieces
  6392 | D:8      | Reached skill level 9 in Axes
  6590 | D:8      | Reached XP level 9. HP: 78/78 MP: 8/8
  6596 | D:8      | Noticed a troll
  6599 | D:8      | Killed a troll
  6706 | D:8      | Identified the +2 scale mail of Disguise {rC+ Str-2 Dex+6
                  | Stlth+}
  6711 | D:8      | Reached **** piety under Trog
  6727 | D:8      | Reached skill level 10 in Axes
  7178 | D:8      | Found a staircase to the Lair.
  7224 | D:8      | Found a blossoming altar of Fedhas.
  7247 | D:8      | Found a hazy altar of Hepliaklqana.
  7380 | D:8      | Noticed Maurice
  7382 | D:8      | Maurice changed into Maurice the scorpion
  7382 | D:8      | Noticed Maurice
  7386 | D:8      | Killed Maurice the scorpion
  7703 | D:9      | Reached skill level 1 in Maces & Flails
  7945 | D:9      | Found a flagged portal.
  7951 | Bailey   | Entered a bailey
  8215 | Bailey   | Reached XP level 10. HP: 86/88 MP: 9/9
  8825 | Bailey   | Noticed a two-headed ogre
  8853 | Bailey   | Killed a two-headed ogre
  8854 | Bailey   | Reached skill level 11 in Axes
  9713 | D:9      | Found a stormy altar of Qazlal.
  9750 | D:9      | Reached skill level 5 in Evocations
  9800 | D:9      | Noticed Psyche
  9804 | D:9      | Killed Psyche
  9847 | D:9      | Found a runed translucent gate.
  9847 | D:9      | Found a runed translucent gate.
  9847 | D:9      | Found a runed translucent gate.
  9847 | D:9      | Noticed Fodor's ghost (journeyman MiFi)
  9850 | D:9      | Found a basalt altar of Yredelemnul.
  9875 | D:9      | Killed Fodor's ghost
  9951 | D:9      | Reached skill level 10 in Ranged Weapons
 10003 | D:9      | Found Nutirri's Antique Weapon Shoppe.
 10080 | D:9      | Found a staircase to the Orcish Mines.
 10086 | Orc:1    | Entered Level 1 of the Orcish Mines
 10097 | Orc:1    | Noticed a boulder beetle
 10100 | Orc:1    | Noticed a kobold blastminer
 10240 | D:9      | Killed a boulder beetle
 10241 | D:9      | Reached skill level 12 in Axes
 10308 | Orc:1    | Killed a kobold blastminer
 10309 | Orc:1    | Reached XP level 11. HP: 97/97 MP: 10/10
 10627 | Orc:2    | Entered Level 2 of the Orcish Mines
 11225 | Orc:1    | Reached skill level 5 in Maces & Flails
 11475 | Orc:2    | Found a shimmering altar of Xom.
 11593 | Orc:2    | Found a staircase to the Elven Halls.
 11595 | Orc:2    | Noticed an orc sorcerer
 11596 | Orc:2    | an orc sorcerer changed into a dream sheep
 12606 | Orc:2    | Noticed an orc knight
 12612 | Orc:2    | Killed an orc knight
 12780 | Orc:2    | Noticed an orc sorcerer
 12782 | Orc:2    | an orc sorcerer changed into a glass eye
 12946 | Orc:2    | Noticed an orc high priest
 12960 | Orc:2    | Killed an orc high priest
 12961 | Orc:2    | Noticed an orc knight
 13040 | Orc:2    | Reached skill level 13 in Axes
 14898 | Orc:2    | Noticed an orc high priest
 14905 | Orc:2    | Killed an orc knight
 14906 | Orc:2    | Noticed an orc sorcerer
 14906 | Orc:2    | Noticed an orc knight
 14910 | Orc:2    | Noticed an orc high priest
 15284 | Orc:2    | an orc knight changed into a swamp worm
 15284 | Orc:2    | Noticed an orc sorcerer
 15289 | Orc:2    | Noticed a soul eater
 15295 | Orc:2    | Noticed an orc knight
 15304 | Orc:2    | Noticed a sun demon
 15492 | Orc:2    | Killed an orc sorcerer
 15604 | Orc:2    | Killed an orc high priest
 15634 | Orc:2    | HP: 4/99 [barbs]
 16241 | Orc:2    | Killed an orc knight
 16304 | Orc:2    | Found Hicruhei's Weapon Shoppe.
 16304 | Orc:2    | Found Vuonwuqe's Antique Weapon Boutique.
 16314 | Orc:2    | Noticed a sixfirhy
 16315 | Orc:2    | Killed an orc high priest
 16316 | Orc:2    | Reached skill level 10 in Fighting
 16479 | Orc:2    | Found Disoofu's Jewellery Shoppe.
 16479 | Orc:2    | Found Gurewk's Armour Boutique.
 16494 | Orc:2    | Bought a ring of poison resistance for 240 gold pieces
 16494 | Orc:2    | Bought a +6 ring of strength for 432 gold pieces
 16636 | D:9      | Found a radiant altar of Vehumet.
 16841 | D:10     | Entered Level 10 of the Dungeon
 17000 | D:10     | Noticed a two-headed ogre
 17008 | D:10     | Killed a two-headed ogre
 17009 | D:10     | Reached XP level 12. HP: 68/106 MP: 11/11
 17306 | D:10     | Noticed a centaur warrior
 17308 | D:10     | Found Alisovvu's Antique Armour Emporium.
 17310 | D:10     | Killed a centaur warrior
 17426 | D:10     | Bought a glowing hat for 217 gold pieces
 18001 | D:10     | Found a snail-covered altar of Cheibriados.
 18054 | Lair:1   | Entered Level 1 of the Lair of Beasts
 18088 | Lair:1   | Reached skill level 14 in Axes
 18135 | Lair:1   | Found a transporter.
 18137 | Lair:1   | Noticed RoseCult's ghost (journeyman MDFi)
 19020 | Lair:1   | Identified the -1 pair of gloves of the Abyss {rF+ Str+2}
 19045 | Lair:1   | Found a transporter.
 19259 | Lair:1   | Reached skill level 15 in Axes
 19353 | Lair:1   | Noticed a fire dragon
 19409 | Lair:1   | Killed a fire dragon
 19640 | Lair:1   | Killed RoseCult's ghost
 19641 | Lair:1   | Reached XP level 13. HP: 116/116 MP: 12/12
 19973 | Lair:2   | Upgraded the game from 0.32-a0-834-geaf45d8e21 to
                  | 0.32-a0-841-g4648e6c457
 20400 | Lair:2   | Found a staircase to the Shoals.
 20507 | Lair:2   | Found a runed translucent door.
 20510 | Lair:2   | Noticed Fractals's ghost (journeyman KoBr)
 20512 | Lair:2   | Identified the +7 trident "Cuhacib" {drain, rF+}
 20805 | Lair:2   | Reached skill level 16 in Axes
 21251 | Lair:2   | Killed Fractals's ghost
 22230 | Lair:3   | Found a staircase to the Snake Pit.
 23160 | Lair:4   | Noticed Urug
 23173 | Lair:4   | Killed Urug
 23382 | Lair:4   | Reached skill level 15 in Ranged Weapons
 23566 | Lair:4   | Found a staircase to the Slime Pits.
 23657 | Lair:4   | Reached XP level 14. HP: 79/127 MP: 13/13
 23946 | Lair:4   | Reached skill level 17 in Axes
 24299 | Lair:5   | Entered Level 5 of the Lair of Beasts
 25466 | Lair:5   | Noticed Kirke
 25477 | Lair:5   | Killed Kirke
 27937 | Lair:5   | Noticed Nessos
 27938 | Lair:5   | Nessos changed into Nessos the dream sheep
 27938 | Lair:5   | Noticed Nessos
 27943 | Lair:5   | Killed Nessos the dream sheep
 28212 | Lair:5   | Reached skill level 18 in Axes
 29485 | D:11     | Noticed Erica
 29507 | D:11     | Killed Erica
 30084 | D:12     | Found a shimmering altar of Xom.
 30397 | D:12     | Reached skill level 1 in Throwing
 31511 | D:12     | You fall into a shaft and drop 1 floor!
 31564 | D:13     | Found Rerege's Assorted Antiques.
 31646 | D:13     | Reached XP level 15. HP: 94/136 MP: 14/14
 31663 | D:13     | Found a gate leading to a gauntlet.
 31690 | Gauntlet | Entered a Gauntlet
 31690 | Gauntlet | Found a transporter.
 31690 | Gauntlet | Found a transporter.
 31826 | Gauntlet | Found a transporter.
 31830 | Gauntlet | Found a transporter.
 31832 | Gauntlet | Found a large runed translucent door.
 31832 | Gauntlet | Found a large runed translucent door.
 31833 | Gauntlet | Found a large runed translucent door.
 31833 | Gauntlet | Found a large runed translucent door.
 31836 | Gauntlet | Identified the ring "Hiutiq" {rF- AC+4 Str+3 Dex+3}
 31864 | Gauntlet | Found a transporter.
 31868 | Gauntlet | Found a large runed translucent door.
 31868 | Gauntlet | Found a large runed translucent door.
 31868 | Gauntlet | Found a runed translucent door.
 31868 | Gauntlet | Found a runed translucent door.
 31869 | Gauntlet | Found a large runed translucent door.
 31870 | Gauntlet | Found a large runed translucent door.
 31871 | Gauntlet | Found a large runed translucent door.
 31871 | Gauntlet | Found a large runed translucent door.
 31872 | Gauntlet | Found a large runed translucent door.
 31872 | Gauntlet | Found a large runed translucent door.
 31873 | Gauntlet | Found a large runed translucent door.
 31873 | Gauntlet | Found a large runed translucent door.
 31874 | Gauntlet | Found a large runed translucent door.
 31874 | Gauntlet | Found a large runed translucent door.
 32179 | Gauntlet | Found a runed translucent gate.
 32179 | Gauntlet | Found a runed translucent gate.
 32179 | Gauntlet | Found a runed translucent gate.
 32182 | Gauntlet | Found a transporter.
 32251 | Gauntlet | Found a transporter.
 32253 | Gauntlet | Found a transporter.
 32261 | Gauntlet | Found a transporter.
 32414 | Gauntlet | Found a transporter.
 32466 | Gauntlet | Identified the +7 falchion "Qaobuomall" {distort, rC+ SInv}
 32479 | Gauntlet | Identified the ring of the Lumpy Ears {Fly rC- Will+ Str+6
                  | Dex+8}
 32479 | Gauntlet | Identified the +1 ring mail of Crawling {rF+ rC+ Stlth-}
 34752 | D:12     | Found Qicsacs's Distillery.
 34761 | D:12     | Bought a potion of resistance for 110 gold pieces
 34761 | D:12     | Bought a potion of curing for 33 gold pieces
 34761 | D:12     | Bought a potion of enlightenment for 55 gold pieces
 34761 | D:12     | Bought a potion of degeneration for 11 gold pieces
 34761 | D:12     | Bought 3 potions of cancellation for 264 gold pieces
 34761 | D:12     | Bought a potion of invisibility for 88 gold pieces
 34885 | D:12     | Found Utily's Weapon Shoppe.
 34893 | D:12     | Bought a +5 heavy broad axe for 513 gold pieces
 35293 | D:13     | Bought a scroll of revelation for 165 gold pieces
 35293 | D:13     | Bought a scroll of teleportation for 66 gold pieces
 35698 | D:14     | Reached skill level 10 in Evocations
 36269 | D:14     | Reached skill level 19 in Axes
 36857 | D:14     | Found a gate to the Vaults.
 37095 | D:15     | Entered Level 15 of the Dungeon
 38393 | D:15     | Found a staircase to the Depths.
 39360 | D:15     | Found a hazy altar of Hepliaklqana.
 40680 | Shoals:1 | Entered Level 1 of the Shoals
 40680 | Shoals:1 | Noticed Frances
 40690 | Shoals:1 | Killed Frances
 40733 | Shoals:1 | Reached XP level 16. HP: 147/147 MP: 15/15
 41009 | Shoals:1 | Found the +7 Spriggan's Knife {stab, EV+4 Stlth+}
 41044 | Shoals:1 | Found a glacial archway.
 41054 | Shoals:1 | Reached skill level 5 in Throwing
 41072 | IceCv    | Entered an ice cave
 41258 | IceCv    | Found a transporter.
 41268 | IceCv    | Found a transporter.
 42440 | Shoals:2 | Noticed a kraken
 42450 | Shoals:2 | Killed a kraken
 42475 | Shoals:2 | Reached skill level 20 in Axes
 44377 | Shoals:4 | Entered Level 4 of the Shoals
 44453 | Shoals:3 | Reached skill level 5 in Armour
 45268 | Shoals:4 | Reached skill level 15 in Fighting
 45545 | Shoals:4 | HP: 3/149 [merfolk impaler/+0 trident (7)]
 45545 | Shoals:4 | Hit by a javelin thrown by a merfolk javelineer

Illustrated notes

Levels and vault maps discovered:
D:1:      minmay_arrival_radiant_lines, layout_loops_ring
D:2:      layout_loops_cross, minivault_23
D:3:      layout_basic, shapermc_ecumenical_altar_venn, uniq_robin
D:4:      layout_loops_ring, nicolae_zen_rock_garden
D:5:      layout_rooms, mainiacjoe_overflow_alcove_1, feat_on_display,
          uniq_grinder
D:6:      layout_loops_ring, overflow_temple_1_default, temple_hall,
          serial_shops, nicolae_take_the_stairs
D:7:      layout_basic, uniq_menkaure, uniq_crazy_yiuf_cottage
D:8:      layout_basic, amcnicky_altar_gilded, fedhas_ov_isle_minmay,
          erik_lair_island, uniq_maurice
D:9:      layout_roguey, lemuel_doored_altar, nicolae_yredelemnul_ghost_church,
          nicolae_vehumet_radiance, serial_shops, shop, enter_bailey_3,
          uniq_psyche
D:10:     layout_cave_pools, lemuel_tele_altar, serial_shops, shop
D:11:     layout_irregular_city, uniq_erica
D:12:     layout_long_grid, serial_shops, shop, shop, xom_confusion_cloud
D:13:     layout_basic, gauntlet_entry_generic, serial_shops,
          nicolae_shop_window_shopping
D:14:     minmay_angry_zag, layout_gridville, david_vaults_1
D:15:     hangedman_depths_entry_civil_slaughter, layout_rooms,
          nicolae_hepliaklqana_hippocampus, beargit_elvish_explorers
Lair:1:   dragon1_lemuel, layout_misc_corridors, gammafunk_ghost_arena,
          chequers_serial_rivers_micro_d, infiniplex_staircase_pool_2
Lair:2:   layout_concentric_octagons, elwin_shoals_entry_stream,
          ebering_ghost_funeral_grove, grunt_forest_small_clearing_treed,
          serial_bayou_shore_b
Lair:3:   layout_chaotic_city, alex1729_snake_entry_snake, lemuel_fruit_fields,
          grunt_megastairs_3, lemuel_fruit_fields, lemuel_fruit_tree
Lair:4:   layout_cave_pods, slime_entry_1, uniq_urug
Lair:5:   guppyfry_lair_end_dragon, layout_misc_corridors, wormcave, uniq_kirke,
          uniq_nessos
Shoals:1: layout_shoals, portal_ice_cave_entry_dragon, uniq_frances
Shoals:2: layout_shoals, nicolae_shoals_bring_sunscreen
Shoals:3: layout_shoals
Shoals:4: shoals_end_simple, layout_shoals, serial_shops,
          nicolae_shop_behind_doors
Orc:1:    layout_caves, blackcustard_rock_pile
Orc:2:    grunt_orc_tribal_feast, layout_caves, basic_altar

Skill      XL: |  1  2  3  4  5  6  7  8  9 10 11 12 13 14 15 16 |
---------------+-------------------------------------------------+-----
Axes           | 4 5 6 7 9 10 12 13 15 16 18 19 20 | 20.4
Stealth        | 1 |  1.8
Fighting       | 4 5 6 8 9 10 11 12 13 14 15 | 15.0
Ranged Weapons | 1 3 4 5 7 8 10 11 13 15 16 17 18 | 18.5
Evocations     | 1 2 3 4 5 6 7 8 9 10 | 10.4
Maces & Flails | 2 4 6 |  6.3
Throwing       | 1 4 6 |  6.2
Armour         | 5 |  5.2
Dodging        | |  2.1

Action                     |  1- 3 |  4- 6 |  7- 9 | 10-12 | 13-15 | 16-18 || total
---------------------------+-------+-------+-------+-------+-------+-------++-------
  Melee: Hand axe          |    85 |    10 |       |       |       |       ||    95
         Headbutt          |    11 |     8 |    30 |    95 |   158 |    53 ||   355
         War axe           |       |    31 |       |       |       |       ||    31
         Spear             |       |    38 |    29 |     5 |    13 |       ||    85
         Dire flail        |       |       |   129 |   248 |     1 |       ||   378
         Battleaxe         |       |       |     7 |   178 |   777 |   188 ||  1150
         Trident           |       |       |       |       |     4 |       ||     4
         Broad axe         |       |       |       |       |     9 |       ||     9
   Fire: Sling             |    12 |    22 |       |       |       |       ||    34
         Shortbow          |       |       |    27 |       |       |       ||    27
         Arbalest          |       |       |    21 |   125 |   294 |       ||   440
         Longbow           |       |       |       |       |     1 |   102 ||   103
  Throw: Stone             |     6 |       |     2 |       |       |       ||     8
         Dart              |       |       |     1 |     2 |     2 |       ||     5
         Boomerang         |       |       |       |       |     9 |     8 ||    17
 Invoke: Berserk           |       |     3 |     7 |    17 |    31 |     9 ||    67
         Trog's Hand       |       |     1 |     5 |    32 |    22 |     5 ||    65
  Evoke: Wand              |       |       |    11 |    28 |    22 |     1 ||    62
    Use: Scroll            |       |     4 |     8 |    18 |    20 |     3 ||    53
         Potion            |       |       |       |     4 |     6 |     4 ||    14
   Stab: Sleeping          |     4 |       |       |       |       |       ||     4
         Distracted        |       |       |       |       |     1 |       ||     1
 Armour: Animal skin       |    48 |     3 |       |       |       |       ||    51
         Chain mail        |       |    47 |   201 |   111 |       |       ||   359
         Plate armour      |       |       |       |   367 |   875 |   276 ||  1518
         Fire dragon scale |       |       |       |    12 |       |       ||    12
         Ice dragon scales |       |       |       |       |    11 |    38 ||    49
         Skin              |       |       |       |       |     6 |       ||     6
  Dodge: Dodged            |    49 |    22 |    69 |   192 |   280 |    84 ||   696
  Block: Other             |       |       |       |       |    26 |    49 ||    75
         Reflection        |       |       |       |       |     2 |     9 ||    11

Table legend: (Time is in decaauts)
 A = Elapsed time spent in this place.
 B = Non-inter-level travel time spent in this place.
 C = Inter-level travel time spent in this place.
 D = Time resting spent in this place.
 E = Time spent auto-exploring this place.
 F = Levels seen in this place.
 G = Mean time per level.
                   A        B        C        D        E       F      G
               +--------+--------+--------+--------+--------+-----+--------+
         Total |  46062 |  45100 |    962 |  22227 |  15982 |  29 | 1588.3 |
       Dungeon |  21679 |  21146 |    533 |   8761 |   9425 |  15 | 1445.3 |
          Lair |  10678 |  10388 |    290 |   5084 |   3922 |   5 | 2135.6 |
        Shoals |   4561 |   4511 |     50 |   1814 |   1939 |   4 | 1140.2 |
  Orcish Mines |   6393 |   6305 |     88 |   4298 |    665 |   2 | 3196.5 |
        Bailey |   1627 |   1627 |      0 |   1389 |      6 |   1 | 1627.0 |
      Ice Cave |    310 |    310 |      0 |    252 |      0 |   1 |  310.0 |
      Gauntlet |    811 |    811 |      0 |    627 |     24 |   1 |  811.0 |
               +--------+--------+--------+--------+--------+-----+--------+

Top non-repeatable levels by time:
   Orc:2: 5406 daAuts
  Lair:5: 4394 daAuts
    D:15: 3292 daAuts
    D:13: 2694 daAuts
    D:12: 2102 daAuts
Shoals:3: 1910 daAuts
    D:14: 1736 daAuts
  Lair:1: 1731 daAuts
     D:8: 1639 daAuts
  Bailey: 1627 daAuts
  Lair:3: 1627 daAuts
  Lair:2: 1476 daAuts
  Lair:4: 1448 daAuts
     D:7: 1391 daAuts
     D:9: 1332 daAuts
